 BcadrenCrawl: Boulder Brew version 0.05.4-52-gbd2e00ed8b (webtiles) character file.

Game seed: 8220526182264397490, levelgen mode: deterministic

116 pasperui the Sneak (level 4, -1/28 HPs) Oozomorph Transmuter. Began on Apr 15, 2022. Slain by a bullfrog (5 damage) ... on level 2 of the Dungeon. The game lasted 00:05:19 (228 turns).

pasperui the Sneak (Oozomorph Transmuter)            Turns: 228, Time: 00:05:20

Health: -1/28      AC: -1    Str: 16    XL:     4 ^: 29
Magic:  7/7        EV: 12    Int: 14    God:
Gold:   0          SH:  0    Dex: 13    Spells: 6/7 levels left

rFire    . . .     Vision   .     - Unarmed
rCold    . . .     Gourm    .     - Unarmed
rNeg     . . .     Faith    .   a - +0 robe
rCorr    + + +     Spirit   .   b - +0 pair of gloves
rPois    .         Reflect  .   (no armour)
rElec    .         Harm     .   (no armour)
MR       .....                  (no armour)
Stlth    +++.......             (no armour)
HPRegen  0.19/turn              (nothing subsumed)
MPRegen  0.17/turn              (no amulet)
                                e - ring of strength
                                (no ring)

@: appendage (expiring), corroded, berserk cooldown, slowed, very slow
A: horns 1, cytoplasmic subsumption, amorphous body, gelatinous body 1
a: Subsume Item, End Transformation


You were on level 2 of the Dungeon.
You were not hungry.
You had grown temporary horns.
You visited 1 branch of the dungeon, and saw 2 of its levels.

Inventory:

Armour
 a - a +0 robe (worn)
 b - a +0 pair of gloves (worn)
Jewellery
 e - a ring of strength (left hand)
Scrolls
 g - a scroll of magic mapping
Potions
 d - a potion of might
Comestibles
 c - 2 rations
 f - 14 chunks of flesh


   Skills:
 - Level 1.1 Fighting
 - Level 1.7 Dodging
 * Level 4.9 Stealth
 - Level 3.4 Unarmed Combat
 - Level 2.1 Spellcasting
 - Level 3.1 Transmutations


You had 6 spell levels left.
You knew the following spells:

 Your Spells              Type           Power        Failure   Level  Hunger
a - Beastly Appendage     Tmut           10 (50)      6%          1    10-30

Your spell library contained the following spells:

 Spells                   Type           Power        Failure   Level  Hunger
 Sticks to Snakes Tmut 10 (100) 10% 2 50-90 Scorpion Form Tmut/Pois 5 (200) 36% 3 90-150 Snakes to Sticks Hex/Tmut 5 (100) 36% 3 90-150 Ice Form Ice/Tmut 5 (100) 77% 4 170-270 Blade Hands Tmut           10 (200)     87%         5    290-450


Dungeon Overview and Level Annotations

Branches:
Dungeon (2/8)

Altars:


Innate Abilities, Weirdness & Mutations

You may subsume any weapon, armour, or jewellery into your cytoplasm to benefit from its magical properties.
Your body is completely amorphous, allowing you to wear any combination of armour.
You have seven amorphous slots; replacing the normal gear slots.
Body armours and bardings take two slots, all other armours take one.
Your gelatinous form is immune to acid, constriction and sticky flames. (rCorr+, Slime)
You have a pair of horns on your head.


Message History

The jelly hits you (2).
* * * LOW HITPOINT WARNING * * *
The acid corrodes you!
You are splashed with acid (2).
You resist.
* * * LOW HITPOINT WARNING * * *
A red film seems to cover your vision as you go berserk!
You feel yourself moving faster!
You feel mighty!
You drop the empty bottle.
The jelly closely misses you (0).
You punch the jelly (12)!
It is struck brutally!
You kill the jelly!
Do you really want to walk into deep water?
Okay, then.
You feel a strong urge to attack something.
The bullfrog gives a loud, deep croak!
You feel your anger nearly subside.
You are no longer berserk.
You are exhausted.
You feel yourself slow down.
You see here 2 empty bottles.
Your transformation is almost over.
The bullfrog hits you (5).
You die...

≈≈≈
≈≈≈#################
≈≈≈≈..≈<.......≈≈..#
≈≈≈≈≈.≈≈≈≈≈≈≈≈≈≈≈≈.#
≈≈≈≈≈≈≈.≈≈≈≈≈÷÷≈≈≈...#
≈≈≈≈≈.....≈≈.≈<÷≈≈≈≈.#
≈≈≈...≈≈≈...≈≈≈≈≈≈≈≈.#
≈...≈≈≈≈≈.≈≈≈≈≈≈≈≈≈≈.#
..≈≈≈≈≈≈F@.≈≈≈≈≈≈≈≈≈≈#
P.≈≈≈≈≈≈≈≈}≈≈≈≈≈≈≈≈≈≈#
P.≈≈≈≈≈≈≈≈.≈≈≈≈≈≈≈≈≈.#
≈..≈≈≈≈?≈?.≈≈PP≈P≈≈.≈#
≈≈.≈≈#################
≈≈≈.. ≈ ≈≈


You could see a submerged bullfrog.

Vanquished Creatures
  2 jellies (D:2)
  2 giant cockroaches
  3 cinder newts
  A leopard gecko (D:2)
  2 hobgoblins (D:1)
  3 kobolds (D:1)
  2 goblins (D:1)
15 creatures vanquished.

Vanquished Creatures (others)
  A giant blowfly (D:2)
  A slimehead (D:2)
  7 withered plants (D:2)
9 creatures vanquished.

Grand Total: 24 creatures vanquished

Notes
Turn   | Place    | Note
-------+----------+-------------------------------------------
     0 | D:1      | pasperui the Oozomorph Transmuter began the quest for the
                  | Orb.
     0 | D:1      | Reached XP level 1. HP: 13/13 MP: 3/3
    33 | D:1      | Reached XP level 2. HP: 18/18 MP: 5/5
   143 | D:1      | Reached skill level 1 in Stealth
   155 | D:1      | Reached XP level 3. HP: 23/23 MP: 4/6
   172 | D:2      | Reached skill level 2 in Stealth
   177 | D:2      | Reached skill level 3 in Stealth
   199 | D:2      | Noticed a bullfrog
   215 | D:2      | Reached skill level 4 in Stealth
   215 | D:2      | Reached XP level 4. HP: 10/28 MP: 5/7
   228 | D:2      | Slain by a bullfrog

Levels and vault maps discovered:
D:1:      scummos_arrival_hexagon, layout_loops_ring, first_ration
D:2:      layout_sewer, lemuel_doored_altar, chequers_ecumenical_altar_twisty

Skill      XL: |  1  2  3 |
---------------+----------+-----
Transmutations | 3 |  3.1
Stealth        | 1 4 |  4.9
Fighting       | |  1.1
Dodging        | |  1.7
Unarmed Combat | |  3.4
Spellcasting   | |  2.1

Action                   |  1- 3 |  4- 6 || total
-------------------------+-------+-------++-------
Melee: Unarmed           |    56 |     9 ||    65
       Kick              |     3 |       ||     3
       Headbutt          |     3 |       ||     3
 Cast: Beastly Appendage |     7 |       ||     7
  Use: Potion            |     1 |     2 ||     3
 Stab: Sleeping          |     1 |       ||     1
Armor: Skin              |     3 |       ||     3
Dodge: Dodged            |     6 |     2 ||     8
